 Dungeon Crawl Stone Soup version 0.16.1-30-g34a7ffa (webtiles) character file.

19912 Krapule the Fighter (level 12, -16/113 HPs)
             Began as a Minotaur Fighter on June 28, 2015.
             Was a High Priest of Makhleb.
             Killed from afar by a blizzard demon (38 damage)
             ... with a bolt of lightning
             ... summoned by the player character
             ... on level 11 of the Dungeon.
             The game lasted 01:25:12 (13740 turns).

Krapule the Fighter (Minotaur Fighter)             Turns: 13740, Time: 01:25:21

Health: -16/113    AC:  8    Str: 20    XL:     12   Next: 40%
Magic:  21/21      EV: 16    Int:  5    God:    Makhleb [*****.]
Gold:   1100       SH: 14    Dex: 16    Spells: 0 memorised, 11 levels left

rFire  . . .     SeeInvis +     A - +3 long sword (flame) (curse)
rCold  . . .     Clarity  .     x - troll hide {Purgy}
rNeg   . . .     SustAb   .     c - +1 shield
rPois  .         Gourm    .     (helmet unavailable)
rElec  .         Spirit   .     w - +0 cloak
rCorr  .         Warding  .     I - +0 pair of gloves (curse)
rMut   .         Stasis   .     i - +0 pair of boots
MR     +....                    a - amulet of regeneration (curse)
Stlth  +.........               G - ring of see invisible
                                s - ring of protection from magic

@: manticore barbs, somewhat resistant to hostile enchantments, very unstealthy
A: retaliatory headbutt, horns 3, talons 1, icy blue scales 1, mutation
resistance 1
a: Minor Destruction, Lesser Servant of Makhleb, Major Destruction, Greater
Servant of Makhleb, Renounce Religion


You were on level 11 of the Dungeon.
You worshipped Makhleb.
Makhleb was extremely pleased with you.
You were not hungry.

You visited 2 branches of the dungeon, and saw 16 of its levels.
You also visited: Labyrinth, Sewer, Ossuary and Bailey.

You collected 1100 gold pieces.

Inventory:

Hand weapons
 b - a +2 long sword of draining
 A - a cursed +3 long sword of flaming (weapon)
Missiles
 l - 41 tomahawks of returning (quivered)
Armour
 c - a +1 shield (worn)
 i - a +0 pair of boots (worn)
 w - a +0 cloak (worn)
 x - a troll hide (worn) {Purgy}
 I - a cursed +0 pair of gloves (worn)
Jewellery
 a - a cursed amulet of regeneration (around neck)
 e - an uncursed ring of poison resistance {unknown}
 k - an uncursed amulet of warding
 s - a ring of protection from magic (left hand)
 v - an uncursed ring of teleport control
 B - an uncursed ring of protection from magic
 E - a cursed amulet of rage
 F - an uncursed ring of sustain abilities
 G - a ring of see invisible (right hand)
 R - an uncursed amulet of resist mutation {unknown}
 Z - an uncursed ring of positive energy
Magical devices
 f - a wand of lightning (5)
 n - a wand of polymorph (5)
 r - a wand of digging (5)
 t - a wand of confusion (15)
 u - a wand of flame (33)
 C - a wand of confusion (10)
 T - a wand of fire (6)
 U - a wand of disintegration (0)
Scrolls
 m - 4 scrolls of blinking
 p - a scroll of enchant armour
 q - 6 scrolls of fear
 y - a scroll of recharging
 H - a scroll of enchant weapon
 K - a scroll of silence
 L - 4 scrolls of teleportation
 N - 9 scrolls of identify
 Q - 4 scrolls of remove curse
Potions
 g - 3 potions of haste
 j - 4 potions of agility
 o - 2 potions of restore abilities
 z - 4 potions of magic {unknown}
 D - 2 potions of cancellation
 M - 2 potions of invisibility
 O - 2 potions of curing
 P - 2 potions of resistance {unknown}
 W - 2 potions of flight {unknown}
Books
 J - Omagie's Collected Works on the Oath
   (You found it in a labyrinth)

   Spells                             Type                      Level
   a - Corona                         Hexes                        1
   b - Spectral Weapon                Hexes/Charms                 3
   c - Enslavement                    Hexes                        4
   d - Summon Guardian Golem          Hexes/Summoning              4
   e - Metabolic Englaciation         Hexes/Ice                    5
   f - Mass Confusion                 Hexes                        6
   g - Darkness                       Hexes                        7
   h - Discord                        Hexes                        8
Comestibles
 d - 10 bread rations
 h - 15 royal jellies
 S - a chunk of flesh
 V - 3 fruits


   Skills:
 + Level 12.3 Fighting
 - Level 8.0 Long Blades
 + Level 10.4 Armour
 + Level 8.2 Dodging
 - Level 12.0 Shields
 + Level 8.7 Invocations


You had 11 spell levels left.
You didn't know any spells.

Dungeon Overview and Level Annotations

Branches:
Dungeon (15/15)            Temple (1/1) D:5            Lair (0/8) D:10
    Orc (0/4) D:10         Vaults (0/5) D:13
 Depths: D:15

Altars:
Dithmenos
Gozag
Kikubaaqudgha
Makhleb
Nemelex Xobeh
Okawaru
Qazlal
Ru
Sif Muna
Trog
Vehumet
Xom
Beogh

Shops:
D:4 !   D:11 :

Annotations:
D:3 Scuka's ghost, average GrFi


Innate Abilities, Weirdness & Mutations

You reflexively headbutt those who attack you in melee.
You have a pair of large horns on your head.
You have sharp toenails.
You are partially covered in icy blue scales (AC +1).
You are somewhat resistant to further mutation.


Message History

You block the giant frog's attack.
You hit the manticore. You burn the manticore.
Your headbutt misses the manticore.
The manticore is heavily wounded.
You block the giant frog's attack. You block the manticore's attack.
The manticore misses you. The manticore claws you.
* * * LOW HITPOINT WARNING * * *
You slash the manticore! You burn the manticore.
The manticore is almost dead.
You block the giant frog's attack. The manticore misses you.
The manticore claws you.
* * * LOW HITPOINT WARNING * * *
The manticore claws you.
* * * LOW HITPOINT WARNING * * *
You block the giant frog's attack. The blizzard demon gestures at you.
The bolt of lightning hits the giant frog.
The giant frog dies!
The bolt of lightning misses you. The bolt of lightning hits you!
You die...

##..#...#...P#. #
#...####P...#....
#####..## #...P#.....
.......# #P...#......
##.....# #...P#.$.....
##...## #P...#.......
##....## #...P#2C.....
##..##..####P...#.C......
#}.####....#....@HY......
..## ##)..##############
.## ##..## ##.......# ##
#....###...#....# #
##....†....#...### ##
###.###.........##
.###..## ##.......##
.....## ##......# .....#
#.....##


You could see a fire giant, a stone giant, a blizzard demon, a manticore and a
sky beast.

Vanquished Creatures
  The ghost of Razmath the Bludgeoner, a powerful MiFi of the Shining One (Lab)
  A vault guard (D:13)
  A hydra (D:12)
  2 centaur warriors (D:13)
  A hill giant (D:12)
  A wolf spider (D:13)
  A centaur zombie (D:10)
  The ghost of Razmath the Covert, an experienced SpAs of Fedhas (D:6)
  2 kobold demonologists (D:13)
  3 trolls
  A two-headed ogre (D:13)
  A queen bee (D:13)
  3 deep elf magi
  17 yaks
  2 basilisks (D:10)
  A spriggan (D:7)
  Eustachio (D:4)
  A steam dragon (D:7)
  2 hippogriffs
  A neqoxec (Bailey)
  A porcupine (D:10)
  A vampire mosquito (D:11)
  An ice beast (D:6)
  4 phantoms
  5 orc warriors
  Purgy (Sewer)
  2 sky beasts
  A wasp (D:10)
  2 necrophages
  A black bear (D:6)
  5 ogres
  4 centaurs
  3 crocodiles (D:10)
  8 giant frogs
  A big kobold (D:12)
  A gnoll sergeant (D:9)
  3 scorpions
  3 water moccasin zombies (Ossuary)
  A wyvern skeleton (D:12)
  A water moccasin skeleton (D:9)
  31 killer bees
  9 wights
  A quasit (D:6)
  7 crimson imps
  2 jellies
  3 goliath beetles
  6 hounds
  4 orc priests
  A centaur skeleton (D:6)
  2 giant frog skeletons (D:10)
  8 orc wizards
  Natasha (thrice) (D:4)
  3 iguanas
  14 worker ants
  2 big kobold zombies (Ossuary)
  8 sheep (D:10)
  A hound skeleton (D:11)
  5 mummies
  3 worker ant zombies
  17 gnolls
  7 river rats
  24 adders
  4 giant mites (D:3)
  A shadow imp (D:7)
  4 worms
  7 adder zombies
  4 giant geckos
  An ooze (D:2)
  35 orcs
  21 bats
  A bat skeleton (D:4)
  A bat zombie (D:8)
  8 giant cockroaches
  17 hobgoblins
  6 quokkas
  7 ball pythons
  10 giant newts
  21 goblins
  2 hobgoblin zombies (Ossuary)
  16 jackals
  A jackal zombie (D:7)
  27 kobolds
  6 kobold zombies (Ossuary)
  5 orc zombies (Ossuary)
  A quokka zombie (D:6)
  13 rats
  A ballistomycete (D:7)
474 creatures vanquished.

Vanquished Creatures (collateral kills)
  A minotaur (Lab)
  The ghost of Scuka the Basher, a powerful GrFi of the Shining One (Bailey)
  A hill giant (D:11)
  An orc knight (Bailey)
  Sonja (D:11)
  A yak (D:11)
  3 orc warriors (Bailey)
  5 wights (D:11)
  A gnoll (Bailey)
  An orc (Bailey)
  A goblin (Bailey)
  5 hobgoblins (Bailey)
  11 kobolds (Bailey)
33 creatures vanquished.

Vanquished Creatures (others)
  2 giant frogs
  An orc wizard (D:6)
  2 ufetubi (Lab)
  2 orcs (D:6)
  A goblin (D:6)
  A jackal (D:6)
  A giant spore (D:7)
  A kobold (D:6)
  A rat (D:6)
12 creatures vanquished.

Grand Total: 519 creatures vanquished

Notes
Turn   | Place    | Note
--------------------------------------------------------------
     0 | D:1      | Krapule, the Minotaur Fighter, began the quest for the Orb.
     0 | D:1      | Reached XP level 1. HP: 19/19 MP: 1/1
   206 | D:1      | Reached XP level 2. HP: 24/26 MP: 1/1
   988 | D:2      | Reached skill level 4 in Armour
   988 | D:2      | Reached XP level 3. HP: 30/33 MP: 2/2
  1034 | D:2      | Reached skill level 1 in Dodging
  1453 | D:2      | Reached XP level 4. HP: 40/40 MP: 2/2
  1501 | D:3      | Found a stormy altar of Qazlal.
  1778 | D:3      | Reached XP level 5. HP: 27/46 MP: 2/2
  1809 | D:3      | Found a glowing drain.
  1818 | Sewer    | Entered a sewer
  2043 | Sewer    | Noticed Purgy
  2057 | Sewer    | Killed Purgy
  2057 | Sewer    | Reached skill level 5 in Shields
  2286 | D:3      | Reached XP level 6. HP: 29/53 MP: 3/3
  2505 | D:2      | Reached skill level 5 in Armour
  2959 | D:3      | Reached skill level 5 in Fighting
  2967 | D:3      | Noticed Scuka's ghost (average GrFi)
  3318 | D:3      | Reached XP level 7. HP: 58/61 MP: 3/3
  3728 | D:4      | Noticed Natasha
  3779 | D:4      | Killed Natasha
  3913 | D:4      | Noticed Eustachio
  3931 | D:4      | HP: 3/61 [Eustachio/rapier of electrocution (14)]
  3936 | D:4      | Killed Eustachio
  3936 | D:4      | Reached skill level 5 in Long Blades
  3936 | D:4      | Reached skill level 6 in Shields
  4212 | D:4      | Noticed Natasha
  4219 | D:4      | Killed Natasha
  4361 | D:4      | Found Wucsacs' Distillery.
  4589 | D:4      | Noticed Natasha
  4592 | D:4      | Killed Natasha
  4666 | D:5      | Entered Level 5 of the Dungeon
  4697 | D:5      | Reached XP level 8. HP: 25/70 MP: 3/3
  4943 | D:5      | Found a deep blue altar of Sif Muna.
  4943 | D:5      | Found a sparkling altar of Nemelex Xobeh.
  4943 | D:5      | Found a shimmering altar of Xom.
  5157 | D:5      | Found an ancient bone altar of Kikubaaqudgha.
  5292 | D:5      | Found a staircase to the Ecumenical Temple.
  5334 | Temple   | Entered the Ecumenical Temple
  5342 | Temple   | Became a worshipper of Makhleb the Destroyer
  5617 | D:6      | Reached skill level 7 in Shields
  5640 | D:6      | Noticed Razmath's ghost (experienced SpAs)
  5665 | D:6      | Found a shimmering altar of Xom.
  5860 | D:6      | Reached skill level 5 in Dodging
  6102 | D:7      | Reached skill level 1 in Invocations
  6177 | D:7      | Acquired Makhleb's first power
  6198 | D:7      | Found an iron altar of Okawaru.
  6311 | D:7      | Reached XP level 9. HP: 58/79 MP: 7/7
  6412 | D:7      | Found a sand-covered staircase.
  6417 | Ossuary  | Entered an ossuary
  6504 | Ossuary  | Reached skill level 8 in Shields
  6506 | Ossuary  | Acquired Makhleb's second power
  6575 | Ossuary  | Gained mutation: You have sharp toenails. [potion of mutation]
  6575 | Ossuary  | Gained mutation: You have a pair of large horns on your head. [potion of mutation]
  6575 | Ossuary  | Gained mutation: You are partially covered in icy blue scales (AC +1). [potion of mutation]
  6611 | D:7      | Found an opulent altar of Gozag.
  7367 | D:6      | Killed Razmath's ghost
  7367 | D:6      | Acquired Makhleb's third power
  7861 | D:7      | Reached skill level 9 in Shields
  8435 | D:8      | Reached XP level 10. HP: 90/90 MP: 12/12
  8446 | D:8      | Reached skill level 5 in Invocations
  9334 | D:9      | Acquired Makhleb's fourth power
  9379 | D:9      | Gained mutation: You are somewhat resistant to further mutation. [potion of beneficial mutation]
  9699 | D:9      | Found a bloodstained altar of Trog.
  9868 | D:9      | Reached skill level 10 in Shields
  9894 | D:10     | Entered Level 10 of the Dungeon
  9911 | D:10     | Reached skill level 10 in Armour
  9929 | D:10     | Found a staircase to the Orcish Mines.
 10032 | D:10     | Found a staircase to the Lair.
 10057 | D:10     | Acquired Makhleb's fifth power
 10057 | D:10     | Reached skill level 10 in Fighting
 10194 | D:10     | Found a roughly hewn altar of Beogh.
 10410 | D:10     | Reached XP level 11. HP: 100/100 MP: 16/16
 10833 | D:11     | Noticed a hill giant
 10846 | D:11     | Killed a hill giant
 10846 | D:11     | Reached skill level 11 in Shields
 10956 | D:11     | Found a flagged portal.
 10973 | Bailey   | Entered a bailey
 10990 | Bailey   | Noticed Scuka's ghost (powerful GrFi)
 11027 | Bailey   | Killed Scuka's ghost
 11224 | D:11     | Found Crupreiw's Book Shop.
 11301 | D:11     | Noticed Sonja
 11471 | D:11     | Killed Sonja
 12038 | D:12     | Noticed a four-headed hydra
 12046 | D:12     | Killed a one-headed hydra
 12090 | D:12     | You fall through a shaft!
 12133 | D:13     | Reached skill level 12 in Shields
 12149 | D:13     | Found a shadowy altar of Dithmenos.
 12207 | D:13     | Found a labyrinth entrance.
 12231 | Lab      | Entered a labyrinth
 12301 | Lab      | Noticed Razmath's ghost (powerful MiFi)
 12346 | Lab      | Killed Razmath's ghost
 12564 | Lab      | Noticed a minotaur
 12572 | Lab      | Killed a minotaur
 12625 | Lab      | Identified Omagie's Collected Works on the Oath
 12849 | D:13     | Noticed a centaur warrior
 12864 | D:13     | Killed a centaur warrior
 12864 | D:13     | Reached XP level 12. HP: 100/112 MP: 20/20
 12944 | D:13     | Noticed a centaur warrior
 12953 | D:13     | Killed a centaur warrior
 12964 | D:13     | Found a gate to the Vaults.
 12964 | D:13     | Noticed a vault guard
 12997 | D:13     | Killed a vault guard
 13154 | D:15     | Entered Level 15 of the Dungeon
 13725 | D:11     | Noticed a fire giant
 13730 | D:11     | Noticed a stone giant
 13735 | D:11     | Noticed a blizzard demon
 13740 | D:11     | Killed from afar by a blizzard demon

Action                   |  1- 3 |  4- 6 |  7- 9 | 10-12 || total
-------------------------+-------+-------+-------+-------++-------
Melee: Long sword        |    98 |   218 |   495 |   724 ||  1535
       Unarmed           |       |       |    15 |       ||    15
Invok: Greater Servant o |       |       |       |     7 ||     7
       Lesser Servant of |       |       |       |     4 ||     4
Evoke: Wand              |       |       |       |     4 ||     4
  Use: Scroll            |     2 |       |    10 |     6 ||    18
       Potion            |       |       |     7 |    11 ||    18
 Stab: Sleeping          |       |       |     3 |       ||     3
       Distracted        |       |       |       |     5 ||     5
  Eat: Chunk             |     2 |     7 |    18 |    16 ||    43
       Meat ration       |       |       |       |     1 ||     1
       Bread ration      |       |       |       |     1 ||     1
